 Dungeon Crawl Stone Soup version 0.28-a0-991-g956f0ee3d5 (webtiles) character file.

Game seed: 7480725985798645831

787 demibob the Cruncher (level 7, -9/50 HPs)
             Began as a Demonspawn Gladiator on Dec 4, 2021.
             Mangled by an ogre (17 damage)
             ... on level 5 of the Dungeon.
             The game lasted 00:05:25 (5177 turns).

demibob the Cruncher (Demonspawn Gladiator)         Turns: 5177, Time: 00:05:25

Health: -9/50      AC:  6    Str: 16    XL:     7   Next: 56%
Magic:  7/7        EV: 12    Int:  9    God:
Gold:   227        SH:  0    Dex: 15    Spells: 6/6 levels left

rFire   . . .      SeeInvis .   a - +1 quarterstaff
rCold   . . .      Faith    .   (shield currently unavailable)
rNeg    . . .      Spirit   .   b - +0 leather armour
rPois   .          Reflect  .   c - +0 helmet
rElec   .          Harm     .   (no cloak)
rCorr   .          Rampage  .   (no gloves)
Will    .....                   (no boots)
Stlth   +.........              (no amulet)
HPRegen 1.16/turn               (no ring)
MPRegen 0.10/turn               (no ring)

@: about to teleport
A: thin metallic scales 1, powered by death 1
a: no special abilities


You were on level 5 of the Dungeon.
You visited 1 branch of the dungeon, and saw 5 of its levels.

You collected 227 gold pieces.


Innate Abilities, Weirdness & Mutations

You are partially covered in thin metallic scales. (AC +2)
You regenerate a little health from kills.


   Skills:
 - Level 2.0 Fighting
 + Level 8.3 Staves
 - Level 1.7 Throwing
 - Level 2.6 Dodging


You had 6 spell levels left.
You didn't know any spells.
Your spell library contained the following spells:

 Spells                   Type           Power      Damage    Failure   Level
 Portal Projectile        Hex/Tloc       0%         N/A       83%         3
 Blade Hands              Tmut           0%         N/A       100%        5
 Excruciating Wounds      Necr           0%         N/A       100%        5
 Iskenderun's Battlesphe  Conj           0%         2d6       100%        5
 Iron Shot                Conj/Erth      0%         9d1       100%        6
 Spellforged Servitor     Conj/Summ      0%         N/A       100%        7

Inventory:

Hand Weapons
 a - a +1 quarterstaff (weapon)
Missiles
 d - 3 throwing nets (quivered) {=f}
 k - 2 datura-tipped darts
 l - 12 poisoned darts
Armour
 b - a +0 leather armour (worn)
 c - a +0 helmet (worn)
 p - a +0 pair of boots
Magical Staves
 r - a staff of conjuration {!a}
Wands
 h - a wand of paralysis (11)
 i - a wand of iceblast (2)
Scrolls
 e - 4 scrolls of identify {@r1}
 g - 2 scrolls of teleportation {@r2}
 n - a scroll of enchant weapon
 q - a scroll of amnesia
Potions
 f - a potion of brilliance
 m - 2 potions of lignification

Dungeon Overview and Level Annotations

Branches:
Dungeon (5/15)
 Temple: D:4-7

Altars:

Shops:
D:3 * D:5

* #.#.##.......#
#......).....#
#.#.#........#
.##.#.#........#
...............#
######w†.......#
###.........#
..).......Y..#
..........@S..#
...........O......
..####......).)...
.. .....#+###.)...
.....# .....
...... .... ......
... ... ...


You could see a sky beast, an ogre, an adder and a dart slug.


Message History

You closely miss the orc priest.
The orc priest is severely wounded.
The adder barely misses you.
The orc priest hits you with a +0 flail.
The adder barely misses you.
You sock the orc priest!
You kill the orc priest!
The adder barely misses you.
You barely miss the adder. The adder barely misses you.
A dart slug comes into view.
You completely miss the ogre.
The ogre hits you with a +0 giant club!!
The adder bites you but does no damage.
You hit the sky beast.
The sky beast is lightly wounded.
The sky beast hits you but does no damage.
The adder closely misses you. The ogre hits you but does no damage.
You sock the ogre!
The ogre is moderately wounded.
The sky beast misses you. The adder bites you.
You hit the ogre but do no damage.
The ogre is moderately wounded.
The adder closely misses you. The sky beast barely misses you.
The ogre hits you with a +0 giant club!!
* * * LOW HITPOINT WARNING * * *
Unknown command.
As you read the scroll of teleportation {@r2}, it crumbles to dust.
You feel strangely unstable. The adder closely misses you.
The sky beast completely misses you. The ogre hits you with a +0 giant club!
You die...

Skill      XL: |  1  2  3  4  5  6  7 |
---------------+----------------------+-----
Staves         | 3 4 5 6 7 8 |  8.3
Fighting       | |  2.0
Throwing       | |  1.7
Dodging        | |  2.6

Action                   |  1- 3 |  4- 6 |  7- 9 || total
-------------------------+-------+-------+-------++-------
Melee: Quarterstaff      |   135 |   183 |    54 ||   372
Evoke: Wand              |       |     1 |     4 ||     5
  Use: Scroll            |     1 |     7 |     1 ||     9
       Potion            |       |     2 |       ||     2
 Stab: Sleeping          |     3 |     3 |       ||     6
       Paralysed         |       |     2 |       ||     2
Armor: Leather armour    |    50 |    53 |    11 ||   114
Dodge: Dodged            |    93 |   101 |    30 ||   224

Levels and vault maps discovered:
D:1:      dpeg_arrival_shrine, layout_basic, shapermc_ecumenical_altar_petra
D:2:      layout_loops_corners, uniq_robin
D:3:      layout_loops_cross, serial_shops, nicolae_square_shop,
          kennysheep_path_1, serial_bayou_ford_a
D:4:      layout_loops_corners, uniq_natasha
D:5:      layout_basic, serial_shops, shop

Notes
Turn   | Place    | Note
-------+----------+-------------------------------------------
     0 | D:1      | demibob the Demonspawn Gladiator began the quest for the
                  | Orb.
     0 | D:1      | Reached XP level 1. HP: 16/16 MP: 1/1
   224 | D:1      | Reached skill level 3 in Staves
   492 | D:1      | Gained mutation: You are partially covered in thin metallic
                  | scales. (AC +2) [demonic ancestry]
   492 | D:1      | Reached XP level 2. HP: 21/22 MP: 2/2
   551 | D:1      | Found a faded altar of an unknown god.
  1399 | D:2      | Gained mutation: You regenerate a little health from kills.
                  | [demonic ancestry]
  1399 | D:2      | Reached XP level 3. HP: 27/27 MP: 3/3
  1543 | D:2      | Noticed Robin
  1547 | D:2      | Reached skill level 4 in Staves
  1569 | D:2      | HP: 2/27 [hobgoblin[Robin] (6)]
  1571 | D:2      | Killed Robin
  2304 | D:2      | Reached XP level 4. HP: 33/33 MP: 4/4
  2732 | D:3      | Reached skill level 5 in Staves
  2842 | D:3      | Found Tealuw's General Store.
  3346 | D:4      | Reached XP level 5. HP: 35/38 MP: 5/5
  3414 | D:4      | Noticed Natasha
  3431 | D:4      | Killed Natasha
  3568 | D:4      | Reached skill level 6 in Staves
  3872 | D:4      | Reached XP level 6. HP: 40/44 MP: 6/6
  4196 | D:4      | Noticed Natasha
  4271 | D:4      | Reached skill level 7 in Staves
  4275 | D:4      | Killed Natasha
  4690 | D:5      | Entered Level 5 of the Dungeon
  4720 | D:5      | Reached XP level 7. HP: 36/50 MP: 7/7
  5077 | D:5      | Found Poim's Assorted Antiques.
  5101 | D:5      | Reached skill level 8 in Staves
  5177 | D:5      | Mangled by an ogre

Vanquished Creatures
  A necrophage (D:4)
  An ogre (D:5)
  A water moccasin skeleton (D:5)
  2 orc priests (D:5)
  A jelly (D:4)
  A centaur skeleton (D:5)
  Natasha (twice) (D:4)
  2 iguanas
  4 orc wizards
  A hound skeleton (D:4)
  Robin (D:2)
  7 adders
  4 gnolls (D:5)
  2 worms
  14 orcs
  11 endoplasms
  5 giant cockroaches
  12 goblins
  10 hobgoblins
  3 jackals (D:4)
  4 quokkas
  3 ball pythons
  6 bats
  A frilled lizard (D:1)
  11 kobolds
  2 rats
112 creatures vanquished.

Table legend: (Time is in decaauts)
 A = Elapsed time spent in this place.
 B = Non-inter-level travel time spent in this place.
 C = Inter-level travel time spent in this place.
 D = Time resting spent in this place.
 E = Time spent auto-exploring this place.
 F = Levels seen in this place.
 G = Mean time per level.
                   A        B        C        D        E       F      G
               +--------+--------+--------+--------+--------+-----+--------+
         Total |   5196 |   5023 |    173 |    443 |   3811 |   5 | 1039.2 |
       Dungeon |   5196 |   5023 |    173 |    443 |   3811 |   5 | 1039.2 |
               +--------+--------+--------+--------+--------+-----+--------+

Top non-repeatable levels by time:
     D:1: 1404 daAuts
     D:4: 1367 daAuts
     D:2: 1048 daAuts
     D:3: 895 daAuts
     D:5: 481 daAuts

Table legend:
 A = Non-vault XP
 B = Vault XP
 C = Vault XP percentage of total XP
 D = Non-vault monster count
 E = Vault monster count
 F = Vault count percentage of total count
                 A         B        C        D         E       F
            +---------+---------+-------+---------+---------+-------
      Total |    1061 |      64 |   5.7 |     104 |       8 |   7.1
            +---------+---------+-------+---------+---------+-------
        D:1 |      39 |       0 |   0.0 |      22 |       0 |   0.0
        D:2 |      47 |      27 |  36.5 |      18 |       7 |  28.0
        D:3 |      79 |       0 |   0.0 |      18 |       0 |   0.0
        D:4 |     436 |      37 |   7.8 |      30 |       1 |   3.2
        D:5 |     460 |       0 |   0.0 |      16 |       0 |   0.0
            +---------+---------+-------+---------+---------+-------
